 Dungeon Crawl Stone Soup version 0.30-a0-585-g93115170b9 (webtiles) character file.

Game seed: 16466047231222075362

1 Citaku the Grave Robber (level 1, -1/13 HPs)
             Began as a Mummy Necromancer on Jan 2, 2023.
             Slain by a goblin
             ... wielding a +2 dagger of flaming
              (4 damage)
             ... on level 1 of the Dungeon.
             The game lasted 00:01:05 (100 turns).

Citaku the Grave Robber (Mummy Necromancer)          Turns: 100, Time: 00:01:06

Health: -1/13      AC:  2    Str: 11    XL:     1   Next: 16%
Magic:  4/4        EV: 11    Int: 14    God:
Gold:   0          SH:  3    Dex: 12    Spells: 4/5 levels left

rFire   x . .      SeeInvis .    c - +0 dagger
rCold   + . .      Faith    +    b - +0 buckler
rNeg    + + +      Spirit   .    a - +0 robe
rPois   ∞          Reflect  .    (no helmet)
rElec   .          Harm     .    (no cloak)
rCorr   .          Rampage  .    (no gloves)
Will    .....                    (no boots)
Stlth   ++                       (no amulet)
HPRegen 0.22/turn                (no ring)
MPRegen 0.09/turn                (no ring)

@: no status effects
A: cold resistance 1, negative energy resistance 3, torment resistance 2, heat
vulnerability 1, no potions, faith
a: no special abilities


You were on level 1 of the Dungeon.
You visited 1 branch of the dungeon, and saw 1 of its levels.

Inventory:

Hand Weapons
 c - a +0 dagger (weapon)
Armour
 a - a +0 robe (worn)
 b - a +0 buckler (worn)


   Skills:
 + Level 1.6 Dodging
 + Level 1.6 Stealth
 + Level 2.7 Spellcasting
 + Level 4.0 Necromancy


You had 4 spell levels left.
You knew the following spells:

 Your Spells              Type           Power      Damage    Failure   Level
a - Necrotise             Necr           52%        1d6       6%          1

Your spell library contained the following spells:

 Spells                   Type           Power      Damage    Failure   Level
 Vampiric Draining        Necr           13%        2d6       17%         3
 Animate Dead             Necr           13%        N/A       50%         4
 Agony                    Necr           13%        N/A       85%         5


Dungeon Overview and Level Annotations

Branches:
Dungeon (1/15)

Altars:


Innate Abilities, Weirdness & Mutations

You are immune to poison.
Your flesh is cold resistant. (rC+)
You are immune to negative energy. (rN+++)
You are immune to unholy pain and torment.
You are vulnerable to heat. (rF-)
You do not drink.
You have a special connection with the divine. (Faith)


Message History

Found a dagger.
You see here a +0 dagger.
c - a +0 dagger
c - a +0 dagger (weapon)
A ball python comes into view.
Casting: Necrotise (safe; 6% risk of failure)
Confirm with . or Enter, or press ? or * to list all spells.
Aiming: Necrotise (safe; 6% risk of failure)
Press: ? - help, Shift-Dir - straight line, f - ball python
Aim: a ball python (chance to affect: 83%)
The ball python writhes in agony.
You kill the ball python!
The dead are slithering!
A rat comes into view.
A goblin comes into view. It is wielding a +2 dagger of flaming.
Your ball python skeleton barely misses the rat.
Your ball python skeleton grabs the rat.
Your ball python skeleton constricts the rat.
The rat struggles to escape constriction.
Your ball python skeleton bites the rat.
The rat dies!
The goblin shouts!
The goblin hits your ball python skeleton with a +2 dagger of flaming.
The goblin burns your ball python skeleton.
Your ball python skeleton is destroyed!
The goblin barely misses you.
You closely miss the goblin. You block the goblin's attack.
You hit the goblin but do no damage.
The goblin hits you with a +2 dagger of flaming.
The goblin burns you.
You hit the goblin.
The goblin is almost dead.
The goblin hits you with a +2 dagger of flaming.
* * * LOW HITPOINT WARNING * * *
The goblin burns you.
* * * LOW HITPOINT WARNING * * *
You barely miss the goblin.
The goblin is almost dead.
The goblin hits you with a +2 dagger of flaming.
You die...

#.........#
##
######...##
##. #...#
###.. #...#
#.... #...#
#.8.8 #...#
#..8.
########...#
#.8.8
#..........#
#....
#...g@.....#
#####
#......†...#
#..........#
#..........#
#..........#
#..........#
############


You could see a goblin.

Vanquished Creatures
  A ball python (D:1)
1 creature vanquished.

Vanquished Creatures (collateral kills)
  A rat (D:1)
1 creature vanquished.

Grand Total: 2 creatures vanquished

Notes
Turn   | Place    | Note
-------+----------+-------------------------------------------
     0 | D:1      | Citaku the Mummy Necromancer began the quest for the Orb.
     0 | D:1      | Reached XP level 1. HP: 13/13 MP: 4/4
   100 | D:1      | Slain by a goblin

Illustrated notes

Levels and vault maps discovered:
D:1:      ncdulo_halloftheorcs, layout_basic,
          dreamdust_ecumenical_altar_sealed_demon

Action                   || total
-------------------------++-------
Melee: Dagger            ||     4
 Cast: Necrotise         ||     1
Dodge: Dodged            ||     1
Block: Buckler           ||     1

Table legend: (Time is in decaauts)
 A = Elapsed time spent in this place.
 B = Non-inter-level travel time spent in this place.
 C = Inter-level travel time spent in this place.
 D = Time resting spent in this place.
 E = Time spent auto-exploring this place.
 F = Levels seen in this place.
 G = Mean time per level.
                   A        B        C        D        E       F      G
               +--------+--------+--------+--------+--------+-----+--------+
         Total |     99 |     99 |      0 |      0 |      2 |   1 |   99.0 |
       Dungeon |     99 |     99 |      0 |      0 |      2 |   1 |   99.0 |
               +--------+--------+--------+--------+--------+-----+--------+

Top non-repeatable levels by time:
     D:1: 99 daAuts
